 Dungeon Crawl Stone Soup version 0.29-a0-271-gd4eb659eea (webtiles) character file.

Game seed: 17573930836045194152

3291 frimble the Fighter (level 10, -4/77 HPs)
             Began as a Djinni Cinder Acolyte on Mar 8, 2022.
             Was a High Priest of Ignis.
             Slain by an orc warrior
             ... wielding a +0 battleaxe
              (20 damage)
             ... on level 7 of the Dungeon.
             The game lasted 00:12:19 (10303 turns).

frimble the Fighter (Djinni Cinder Acolyte)        Turns: 10303, Time: 00:12:19

Health: -4/77      AC:  9    Str: 13    XL:     10   Next: 20%
Gold:   388        EV: 11    Int: 20    God:    Ignis [*****.] SH:  0 Dex:  9

rFire   + + +      SeeInvis .     - Unarmed
rCold   . . .      Faith    .   (no shield)
rNeg    . . .      Spirit   .   w - +0 steam dragon scales
rPois   ∞          Reflect  .   u - +0 helmet
rElec   .          Harm     .   (no cloak)
rCorr   .          Rampage  .   i - +2 pair of gloves
Will    +....                   (boots unavailable)
Stlth   +.........              (no amulet)
HPRegen 0.22/turn               d - ring of ice
MPRegen 0.00/turn               b - ring of protection from fire

@: flying
A: sickness immunity, fire resistance 2, cold vulnerability 1, float, innate
caster, HP casting, extra vitality 1
a: Renounce Religion, Fiery Armour, Foxfire Swarm, Rising Flame


You were on level 7 of the Dungeon.
You worshipped Ignis.
Ignis was extremely pleased with you.
You visited 1 branch of the dungeon, and saw 7 of its levels.
You also visited: Sewer.

You collected 388 gold pieces.

Inventory:

Hand Weapons
 p - a +5 dagger
Armour
 i - a +2 pair of gloves (worn)
 u - a +0 helmet (worn)
 w - +0 steam dragon scales (worn)
Jewellery
 b - a ring of protection from fire (right hand)
 d - a ring of ice (left hand)
 f - a ring of fire
 v - a +6 ring of intelligence
 z - a ring of positive energy
Wands
 c - a wand of flame (13)
 n - a wand of iceblast (5)
Scrolls
 a - a scroll of teleportation
 j - 2 scrolls of identify
 l - 3 scrolls of enchant armour
 o - a scroll of summoning {unknown}
 q - 2 scrolls of enchant weapon
 t - a scroll of magic mapping
 x - a scroll of fog
 y - a scroll of blinking
Potions
 e - a potion of mutation
 g - a potion of brilliance
 h - a potion of lignification
 k - a potion of haste
 m - a potion of resistance {unknown}
 r - 4 potions of attraction {unknown}
 s - 2 potions of degeneration {unknown}
 A - 2 potions of curing {unknown}


   Skills:
 + Level 8.6 Fighting
 + Level 8.5 Unarmed Combat
 + Level 6.5 Spellcasting


You had 11 spell levels left.
You knew the following spells:

 Your Spells              Type           Power      Damage    Failure   Level
a - Scorch                Fire           64%        2d8       1%          2
b - Sandblast             Erth           64%        2d14      1%          1
c - Searing Ray           Conj           64%        2d6       1%          2
d - Poisonous Vapours     Pois/Air       64%        N/A       1%          2
e - Hailstorm             Conj/Ice       49%        3d11      7%          4
Your spell library was empty.

Dungeon Overview and Level Annotations

Branches:
Dungeon (7/15)             Temple (0/1) D:4           Sewer (visited)

Altars:
Nemelex Xobeh

Annotations:
D:7 Pikel


Innate Abilities, Weirdness & Mutations

You are immune to sickness and miasma.
You are immune to poison.
Your flesh is very heat resistant. (rF++)
You are vulnerable to cold. (rC-)
You float through the air rather than walking.
You learn spells naturally, not from books.
Your magical power is your life essence.
You have superior vitality. (+4 MHP)


Message History

You hit the orc wizard.
The orc wizard is moderately wounded.
The orc wizard gestures wildly while chanting.
The orc wizard flickers and vanishes!
Deactivating autopickup; reactivate with Ctrl-A.
A lemure comes into view.
The lemure shouts!
You hear a shout! x2
Something hits you but does no damage.
The electric eel shoots out a bolt of lightning at you!
The bolt of electricity hits you! x2
A lemure comes into view.
An orc comes into view. It is wielding a +0 trident.
You hear a shout!
The orc shouts!
You are too injured to fight recklessly!
You are too injured to fight recklessly!
You are too injured to fight recklessly!
Aiming: Throw Flame
Press: ? - help, Shift-Dir - straight line, f - electric eel
Aim: an electric eel (water, 48% to hit)
The puff of flame hits the electric eel.
The electric eel is moderately wounded.
Something hits you.
Pikel, Merchant of Souls comes into view.
He is wielding a +2 whip of freezing.
Pikel shouts!
The electric eel is engulfed in a cloud of scalding steam.
The electric eel shoots out a bolt of lightning at you!
The bolt of electricity hits you!
The bolt of electricity hits something! x2
Reactivating autopickup.
You feel a bit more experienced. The bolt of electricity hits you!
The orc warrior shouts!
The electric eel shoots out a bolt of lightning at you!
The bolt of electricity misses you.
The electric eel is engulfed in a cloud of scalding steam.
The electric eel shoots out a bolt of lightning at you!
The bolt of electricity hits you!
* * * LOW HITPOINT WARNING * * *
You see here a bullfrog corpse.
The orc warrior attacks as you move away!
The orc warrior hits you with a +0 battleaxe!!
You die...

.. ############.### ...
#.###..........#.##.
#.C
#.......)......#.#.. ≈≈
#............).#
#≈###########.........
##≈.C........(........#
#≈≈###########........#
#≈≈######## #........#
#≈≈...@...####...>.....
##S..o###..............
#≈##5# ######........#
≈≈ ...# #........# ...
.##... #........# ###
## ##.5 ########## ##K.
.


You could see an orc warrior, a lemure and an electric eel.

Vanquished Creatures
  A cyclops (D:7)
  Maggie (D:6)
  Grinder (D:6)
  Sigmund (D:4)
  A wyvern (D:7)
  Edmund (D:4)
  2 water moccasins
  An orc warrior (D:5)
  An ice beast (D:7)
  A sky beast (D:6)
  A centaur (D:7)
  A phantom (D:3)
  Blork the orc (D:6)
  A kobold brigand (D:6)
  2 bullfrogs
  A gnoll sergeant (D:4)
  2 necrophages
  2 scorpions
  3 wights (D:6)
  4 killer bees (D:7)
  A howler monkey (D:7)
  3 hounds
  4 iguanas
  4 orc wizards
  5 gnolls
  4 adders
  2 shadow imps
  2 worms
  4 dart slugs
  18 orcs
  12 ball pythons
  8 endoplasms
  A giant cockroach (D:1)
  7 goblins
  8 hobgoblins
  6 jackals
  A quokka (D:4)
  6 bats (Sewer)
  3 frilled lizards
  8 kobolds
  2 rats
138 creatures vanquished.

Vanquished Creatures (collateral kills)
  A gnoll shaman (D:5)
  2 gnolls
  An adder (D:4)
  An orc (D:5)
5 creatures vanquished.

Vanquished Creatures (others)
  An orc wizard (D:7)
  A gnoll (D:5)
  19 foxfires (D:4)
21 creatures vanquished.

Grand Total: 164 creatures vanquished

Notes
Turn   | Place    | Note
-------+----------+-------------------------------------------
     0 | D:1      | frimble the Djinni Cinder Acolyte began the quest for the
                  | Orb.
     0 | D:1      | Reached XP level 1. HP: 20/20 MP: 0/0
   156 | D:1      | Reached XP level 2. HP: 25/25 MP: 0/0
   784 | D:1      | Reached XP level 3. HP: 13/30 MP: 0/0
   784 | D:1      | Learned a level 1 spell: Sandblast
  1932 | D:2      | Reached XP level 4. HP: 27/36 MP: 0/0
  3563 | D:4      | Noticed a phantom
  3565 | D:4      | Noticed a gnoll sergeant
  3571 | D:5      | Entered Level 5 of the Dungeon
  3594 | D:5      | Reached XP level 5. HP: 9/41 MP: 0/0
  3594 | D:5      | Learned a level 2 spell: Searing Ray
  3679 | D:5      | Reached XP level 6. HP: 9/48 MP: 0/0
  3800 | D:5      | Found a glowing drain.
  3807 | Sewer    | Entered a sewer
  4076 | Sewer    | Noticed a water moccasin
  4089 | Sewer    | Killed a water moccasin
  4474 | D:4      | Noticed Sigmund
  4514 | D:3      | Reached skill level 5 in Fighting
  4514 | D:3      | Reached XP level 7. HP: 13/54 MP: 0/0
  4514 | D:3      | Learned a level 2 spell: Poisonous Vapours
  4840 | D:4      | Reached skill level 5 in Unarmed Combat
  5035 | D:4      | Noticed Edmund
  5083 | D:4      | Killed Edmund
  5257 | D:4      | Found a staircase to the Ecumenical Temple.
  5302 | D:4      | Killed Sigmund
  5303 | D:4      | Reached XP level 8. HP: 44/61 MP: 0/0
  7286 | D:6      | Noticed Maggie
  7286 | D:6      | Noticed Blork the orc
  7432 | D:6      | Noticed Grinder
  7443 | D:6      | Killed Grinder
  7444 | D:6      | Reached skill level 5 in Spellcasting
  7444 | D:6      | Reached XP level 9. HP: 67/67 MP: 0/0
  7444 | D:6      | Learned a level 4 spell: Hailstorm
  7993 | D:6      | Killed Maggie
  8314 | D:6      | Killed Blork the orc
  8691 | D:6      | Identified the +5 short sword of Pride {flame, rF+ Stlth+}
  9512 | D:7      | Found a sparkling altar of Nemelex Xobeh.
  9715 | D:7      | Reached XP level 10. HP: 15/76 MP: 0/0
 10025 | D:7      | Noticed a cyclops
 10054 | D:7      | Killed a cyclops
 10299 | D:7      | Noticed Pikel
 10303 | D:7      | Slain by an orc warrior

Illustrated notes

Levels and vault maps discovered:
D:1:      elethiomel_arrival_quiet, layout_loops_corners
D:2:      layout_loops_ring, minmay_misc_feat_x, chequers_arboretum
D:3:      layout_loops_corners
D:4:      layout_basic, minmay_temple_entry_arrows, nicolae_figureground_pulse,
          uniq_edmund, uniq_sigmund
D:5:      layout_loops_cross, portal_sewer_entry_b, nrook_mini_backslash
D:6:      layout_basic, uniq_maggie, uniq_grinder, uniq_blork_the_orc
D:7:      layout_rooms, mainiacjoe_overflow_paths, lightli_minifort, uniq_pikel

Skill      XL: |  1  2  3  4  5  6  7  8  9 |
---------------+----------------------------+-----
Spellcasting   | 3 4 5 6 |  6.5
Fighting       | 4 5 6 8 |  8.6
Unarmed Combat | 4 5 6 8 |  8.5

Action                   |  1- 3 |  4- 6 |  7- 9 | 10-12 || total
-------------------------+-------+-------+-------+-------++-------
Melee: Unarmed           |    78 |    46 |   218 |     8 ||   350
       Punch             |     2 |     2 |     9 |       ||    13
 Cast: Scorch            |     9 |    39 |    15 |     2 ||    65
       Searing Ray       |       |     3 |    11 |     2 ||    16
       Poisonous Vapours |       |       |    11 |       ||    11
Invok: Foxfire Swarm     |       |       |     1 |       ||     1
Evoke: Wand              |       |     6 |     9 |     1 ||    16
  Use: Scroll            |     5 |     5 |     3 |       ||    13
       Potion            |       |     2 |     4 |       ||     6
Armor: Robe              |     9 |     6 |       |       ||    15
       Leather armour    |       |    29 |    59 |       ||    88
       Steam dragon scal |       |       |    56 |     4 ||    60
Dodge: Dodged            |    47 |    36 |   132 |     8 ||   223

Table legend: (Time is in decaauts)
 A = Elapsed time spent in this place.
 B = Non-inter-level travel time spent in this place.
 C = Inter-level travel time spent in this place.
 D = Time resting spent in this place.
 E = Time spent auto-exploring this place.
 F = Levels seen in this place.
 G = Mean time per level.
                   A        B        C        D        E       F      G
               +--------+--------+--------+--------+--------+-----+--------+
         Total |  10265 |  10017 |    248 |   1311 |   7328 |   8 | 1283.1 |
       Dungeon |   9731 |   9483 |    248 |    867 |   7312 |   7 | 1390.1 |
         Sewer |    533 |    533 |      0 |    444 |     16 |   1 |  533.0 |
               +--------+--------+--------+--------+--------+-----+--------+

Top non-repeatable levels by time:
     D:6: 1809 daAuts
     D:5: 1610 daAuts
     D:3: 1373 daAuts
     D:1: 1364 daAuts
     D:4: 1316 daAuts
     D:7: 1133 daAuts
     D:2: 1122 daAuts
   Sewer: 533 daAuts
